 Seeded DCSS version 0.29.1-2-gbd0b4ee654 (webtiles) character file.

Game seed: 3311 (custom seed)

569 Ashen the Chiller (level 7, -4/52 HPs)
             Began as a Demonspawn Ice Elementalist on Oct 28, 2022.
             Was an Initiate of Vehumet.
             Slain by a gnoll
             ... wielding a +2 flail of holy wrath
             ... led by a gnoll bouda
              (8 damage)
             ... on level 5 of the Dungeon.
             The game lasted 00:15:32 (7167 turns).

Ashen the Chiller (Demonspawn Ice Elementalist)     Turns: 7167, Time: 00:15:33

Health: -4/52      AC:  4    Str:  8    XL:     7   Next: 11%
Magic:  9/9        EV: 18    Int: 18    God:    Vehumet [......]
Gold:   250        SH:  0    Dex: 14    Spells: 2/13 levels left

rFire   . . .      SeeInvis .   n - +0 short sword (venom)
rCold   . . .      Faith    .   (no shield)
rNeg    . . .      Spirit   .   j - +0 leather armour
rPois   .          Reflect  .   k - +0 helmet
rElec   .          Harm     .   (no cloak)
rCorr   .          Rampage  .   (no gloves)
Will    .....                   (no boots)
Stlth   ++........              (no amulet)
HPRegen 0.17/turn               (no ring)
MPRegen 0.11/turn               (no ring)

@: agile, freezing walls, very slightly contaminated
A: powered by pain 1, sturdy frame 2, hooves 1, low MP 2
a: Renounce Religion


You were on level 5 of the Dungeon.
You worshipped Vehumet.
Vehumet was noncommittal.
You visited 1 branch of the dungeon, and saw 5 of its levels.

You collected 250 gold pieces.

Inventory:

Hand Weapons
 b - a +0 short sword
 n - a +0 short sword of venom (weapon)
 o - a +2 hand axe of distortion
Armour
 j - a +0 leather armour (worn)
 k - a +0 helmet (worn)
Scrolls
 a - a scroll of enchant armour {unknown}
 d - 4 scrolls of teleportation {unknown}
 f - 2 scrolls of identify {unknown}
 i - a scroll of noise {unknown}
 l - a scroll of fear {unknown}
 m - a scroll of poison {unknown}
 p - a scroll of immolation {unknown}
 r - a scroll of vulnerability {unknown}
Potions
 g - 2 potions of attraction {unknown}
 h - 2 potions of resistance {unknown}
 q - a potion of curing {unknown}
 s - a potion of flight {unknown}


   Skills:
 + Level 3.1 Fighting
 + Level 3.4 Dodging
 + Level 3.7 Stealth
 + Level 3.6 Spellcasting
 + Level 0.2 Conjurations
 + Level 4.7 Ice Magic


You had 2 spell levels left.
You knew the following spells:

 Your Spells              Type           Power      Damage    Failure   Level
a - Freeze                Ice            80%        1d9       2%          1
b - Frozen Ramparts       Ice            40%        1d7       7%          3
c - Ozocubu's Armour      Ice            20%        N/A       7%          3
d - Hailstorm             Conj/Ice       12%        3d5       50%         4

Your spell library contained the following spells:

 Spells                   Type           Power      Damage    Failure   Level
 Ice Form                 Ice/Tmut       11%        N/A       50%         4
 Summon Ice Beast         Ice/Summ       11%        N/A       50%         4
 Summon Mana Viper        Hex/Summ       3%         N/A       99%         5
 Monstrous Menagerie      Summ           1%         N/A       100%        7


Dungeon Overview and Level Annotations

Branches:
Dungeon (5/15)
 Temple: D:4-7

Altars:
Fedhas
Sif Muna
Trog
Vehumet
Wu Jian

Annotations:
D:2 1 runed translucent door, Crazy Yiuf
D:5 exclusions: ice beast and phantom


Innate Abilities, Weirdness & Mutations

You sometimes gain a little power by taking damage.
Your movements are less encumbered by armour. (ER -4)
You have large cloven feet.
Your magical capacity is very low. (-20% MP)


Message History

Casting: Frozen Ramparts (dangerous; 7% risk of failure)
Confirm with . or Enter, or press ? or * to list all spells.
Casting: Frozen Ramparts (dangerous; 7% risk of failure)
Press: ? - help, Dir - look around, f - activate The walls around you are covered in ice.
The wall freezes the gnoll.
The gnoll misses you.
The wall freezes the gnoll.
The gnoll misses you.
The wall freezes the gnoll.
The gnoll hits you with a +2 flail of holy wrath!
* * * LOW HITPOINT WARNING * * *
You convulse.
* * * LOW HITPOINT WARNING * * *
The wall freezes the gnoll bouda.
The gnoll bouda hits you with a +0 club.
* * * LOW HITPOINT WARNING * * *
It was a potion of mutation.
You feel extremely strange.
You feel less energetic.
Your feet thicken and deform.
You feel less energetic.
The wall freezes the gnoll.
The gnoll barely misses you.
The wall freezes the gnoll.
The gnoll completely misses you.
The wall freezes the gnoll.
The gnoll misses you.
The wall freezes the gnoll bouda.
The gnoll bouda barks out a call to the hunt!
The gnolls pick up the pace!
Unknown command.
It was a potion of heal wounds.
You feel much better.
You kill the gnoll bouda!
Vehumet accepts your kill.
The wall freezes the gnoll but does no damage.
The gnoll hits you from afar with a +0 spear.
The wall freezes the gnoll.
The gnoll misses you.
The wall freezes the gnoll.
The gnoll hits you with a +2 flail of holy wrath.
You convulse.
* * * LOW HITPOINT WARNING * * *
You completely miss the gnoll. You kick the gnoll, but do no damage.
The gnoll is severely wounded.
The wall freezes the gnoll.
The gnoll misses you.
The wall freezes the gnoll.
The gnoll closely misses you.
The wall freezes the gnoll.
The gnoll hits you with a +2 flail of holy wrath!
* * * LOW HITPOINT WARNING * * *
You focus on the pain.
You feel your power returning.
You convulse!
You die...

#.....#..#..# ###
##...####.### ..≈.#
#.# ###.####.....#
..≈.#...#
#.........##.#
.§§§#._.
#####.#######.#
#.§§#.. ≈ ..#..# .#
#.≈.#.###.≈ #.#..# ..
#.≈.Y.....≈..###)#).#
..
:.§§≈§≈≈≈.≈..Y.g@...#
##.
#............#g#g#..#
.........## # #.#..#
##.#####... ....>..
#.# # .##.##.## ##.#
.. ..# .# ...# .# ...
.# #### #. .# #


You could see an ice beast and 3 gnolls.

Vanquished Creatures
  An ogre (D:4)
  A necrophage (D:5)
  A hound (D:4)
  A gnoll bouda (D:5)
  A jelly (D:4)
  3 orc priests
  4 orc wizards (D:3)
  3 adders
  A gnoll (D:5)
  A shadow imp (D:5)
  3 worms
  3 dart slugs
  9 orcs
  10 endoplasms
  4 giant cockroaches
  8 hobgoblins
  4 jackals
  2 quokkas
  8 ball pythons
  4 bats
  2 frilled lizards
  3 goblins
  6 kobolds
  5 rats
88 creatures vanquished.

Notes
Turn   | Place    | Note
-------+----------+-------------------------------------------
     0 | D:1      | Ashen the Demonspawn Ice Elementalist began the quest for
                  | the Orb.
     0 | D:1      | Reached XP level 1. HP: 13/13 MP: 3/3
   275 | D:1      | Gained mutation: Your movements are slightly less
                  | encumbered by armour. (ER -2) [demonic ancestry]
   275 | D:1      | Reached XP level 2. HP: 20/20 MP: 3/5
  1487 | D:2      | Reached skill level 1 in Fighting
  1488 | D:2      | Gained mutation: Your movements are less encumbered by
                  | armour. (ER -4) [demonic ancestry]
  1488 | D:2      | Reached XP level 3. HP: 23/26 MP: 2/6
  1726 | D:2      | Found a runed translucent door.
  1727 | D:2      | Noticed Crazy Yiuf
  1752 | D:2      | Found a faded altar of an unknown god.
  2827 | D:3      | Found a radiant altar of Vehumet.
  2837 | D:3      | Became a worshipper of Vehumet
  3257 | D:3      | Learned a level 3 spell: Frozen Ramparts
  3465 | D:3      | Reached skill level 4 in Ice Magic
  3465 | D:3      | Reached XP level 4. HP: 19/32 MP: 3/7
  3511 | D:3      | Reached XP level 5. HP: 19/38 MP: 1/9
  3794 | D:3      | Found a shimmering blue altar of Sif Muna.
  4944 | D:4      | Gained mutation: You sometimes gain a little power by
                  | taking damage. [demonic ancestry]
  4944 | D:4      | Reached XP level 6. HP: 41/45 MP: 10/10
  5512 | D:4      | Learned a level 3 spell: Ozocubu's Armour
  5517 | D:4      | Learned a level 4 spell: Hailstorm
  6496 | D:5      | Entered Level 5 of the Dungeon
  6496 | D:5      | Noticed an ice beast
  6657 | D:5      | Noticed an ice beast
  6752 | D:5      | Found a bloodstained altar of Trog.
  6754 | D:5      | Found an ornate altar of the Wu Jian Council.
  6807 | D:5      | Reached XP level 7. HP: 30/52 MP: 12/12
  7009 | D:5      | Found a blossoming altar of Fedhas.
  7164 | D:5      | HP: 2/52 [gnoll bouda/+0 club (3)]
  7165 | D:5      | Gained mutation: Your magical capacity is low. (-10% MP)
                  | [potion of mutation]
  7165 | D:5      | Gained mutation: You have large cloven feet. [potion of
                  | mutation]
  7165 | D:5      | Gained mutation: Your magical capacity is very low. (-20%
                  | MP) [potion of mutation]
  7167 | D:5      | Slain by a gnoll

Illustrated notes

Levels and vault maps discovered:
D:1:      amcnicky_arrival_flooded_fountain, layout_loops_corners
D:2:      layout_basic, shapermc_ecumenical_altar_petra,
          nicolae_figureground_sparkle, uniq_crazy_yiuf_cottage
D:3:      layout_basic, nicolae_sif_muna_little_library,
          mainiacjoe_overflow_paths, serial_co_window_serial,
          co_window_of_opportunity_a, co_window_corner_a, co_window_paths_a,
          co_window_of_opportunity_a, co_window_of_opportunity_a,
          co_window_cross_3, co_window_unsneaky_path_c, co_window_corner_b,
          co_window_cross_4, co_window_unsneaky_path_c,
          co_window_of_opportunity_c, co_window_paths_d, glass_columns_a,
          glass_columns_a, glass_columns_a, glass_columns_c, glass_columns_b
D:4:      layout_layer_cave
D:5:      dreamdust_elfheim, layout_loops_cross, grunt_temple_overflow_open,
          mainiacjoe_overflow_brackets, gammafunk_temple_overflow_wave

Skill      XL: |  1  2  3  4  5  6 |
---------------+-------------------+-----
Stealth        | 2 3 |  3.7
Dodging        | 2 3 |  3.4
Fighting       | 1 2 3 |  3.1
Ice Magic      | 4 |  4.7
Spellcasting   | 3 |  3.6
Conjurations   | |  0.2

Action                   |  1- 3 |  4- 6 |  7- 9 || total
-------------------------+-------+-------+-------++-------
Melee: Unarmed           |    26 |    10 |       ||    36
       Short sword       |       |    66 |    13 ||    79
       Punch             |       |     1 |       ||     1
       Kick              |       |       |     1 ||     1
 Cast: Freeze            |    82 |    41 |       ||   123
       Frozen Ramparts   |     1 |    10 |     1 ||    12
       Ozocubu's Armour  |       |     2 |       ||     2
  Use: Potion            |       |     1 |     2 ||     3
 Stab: Sleeping          |     2 |     2 |     3 ||     7
Armor: Robe              |    15 |       |       ||    15
       Leather armour    |     4 |    28 |     2 ||    34
Dodge: Dodged            |    57 |    65 |    17 ||   139
